 Dungeon Crawl Stone Soup version 0.32-a0-859-gb0a091d592 (webtiles) character file.

Game seed: 1573239951283319067

317 pokeman the Magician (level 6, -2/34 HPs)
             Began as a Deep Elf Hedge Wizard on Mar 27, 2024.
             Was an Initiate of Vehumet.
             Slain by an orc
             ... wielding a +0 hand axe
              (3 damage)
             ... on level 4 of the Dungeon.
             The game lasted 00:08:15 (3958 turns).

pokeman the Magician (Deep Elf Hedge Wizard)        Turns: 3958, Time: 00:08:16

Health: -2/34      AC:  4    Str:  7    XL:     6   Next: 20%
Magic:  4/17       EV: 12    Int: 21    God:    Vehumet [......]
Gold:   125        SH:  0    Dex: 14    Spells: 10/18 levels left

rFire   . . .        j - +1 dagger (venom)
rCold   . . .        (no shield)
rNeg    . . .        b - +0 robe
rPois   .            i - +0 helmet
rElec   .            k - +0 cloak
rCorr   .            (no gloves)
SInv    .            (no boots)
Will    .....        (no amulet)
Stlth   ++           (no ring)
HPRegen 0.25/turn    (no ring)
MPRegen 0.15/turn

%: no passive effects
@: very slightly contaminated
A: no striking features
a: Renounce Religion


You were on level 4 of the Dungeon.
You worshipped Vehumet.
Vehumet was noncommittal.
You visited 2 branches of the dungeon, and saw 5 of its levels.

You collected 125 gold pieces.

Inventory:

Hand Weapons
 j - a +1 dagger of venom (weapon)
Armour
 b - a +0 robe (worn)
 i - a +0 helmet (worn)
 k - a +0 cloak (worn)
Magical Staves
 e - a staff of air
Wands
 l - a wand of roots (9)
Scrolls
 c - a scroll of immolation {unknown}
 f - a scroll of enchant weapon {unknown}
 g - a scroll of poison {unknown}
 m - 2 scrolls of identify {unknown}
 o - a scroll of teleportation {unknown}
 q - a scroll of vulnerability {unknown}
Potions
 a - 2 potions of lignification {unknown}
 d - a potion of magic
 h - 2 potions of ambrosia {unknown}
 n - 2 potions of mutation {unknown}
 p - a potion of attraction {unknown}


   Skills:
 - Level 1.3 Fighting
 - Level 1.0 Armour
 - Level 3.0 Dodging
 - Level 3.1 Stealth
 * Level 6.9 Spellcasting
 + Level 3.1 Conjurations
 - Level 1.1 Summonings
 - Level 1.1 Translocations
 + Level 0.7 Air Magic
 + Level 0.8 Alchemy
 - Level 1.1 Evocations


You had 10 spell levels left.
You knew the following spells:

 Your Spells              Type           Power      Damage    Failure   Level
a - Magic Dart            Conj           80%        1d7       2%          1
b - Mephitic Cloud        Conj/Alch/Air  13%        N/A       14%         3
c - Call Imp              Summ           22%        N/A       9%          2
d - Blink                 Tloc           22%        N/A       9%          2

Your spell library contained the following spells:

 Spells                   Type           Power      Damage    Failure   Level
 Searing Ray              Conj           40%        2d5       3%          2
 Slow                     Hex            28%        N/A       9%          1
 Cigotuvi's Dreadful Rot  Necr/Alch/Air  18%        N/A       11%         2
 Sublimation of Blood     Necr           7%         N/A       14%         2
 Dazzling Flash           Conj/Hex       26%        N/A       14%         3
 Fulminant Prism          Conj/Alch      7%         3d7       36%         4
 Silence                  Hex/Air        4%         N/A       91%         5
 Curse of Agony           Necr           7%         N/A       94%         5
 Summon Hydra             Summ           5%         N/A       100%        7


Dungeon Overview and Level Annotations

Branches:
Dungeon (4/15)             Temple (1/1) D:4

Altars:
Cheibriados
Dithmenos
Fedhas
Gozag
Hepliaklqana
Kikubaaqudgha
Nemelex Xobeh
Okawaru
Ru
Trog
Uskayaw
Vehumet
Wu Jian
The Shining One


Message History

The ball explodes into a vile cloud!
The stinking cloud engulfs the orc.
The orc is almost dead.
The stinking cloud engulfs the orc.
The orc is moderately wounded.
The stinking cloud engulfs the orc wizard.
The orc wizard is almost dead.
The stinking cloud engulfs you.
You hear a shout! x2; You hear a bark!
The orc is engulfed in noxious fumes.
The orc appears confused.
The orc completely misses the orc.
The orc wizard hits the orc with a +0 dagger.
The orc is killed!
Vehumet accepts your kill.
The orc wizard hits itself with a +0 dagger.
The orc wizard is killed!
Vehumet accepts your kill. The orc misses you.
Unknown command.
Casting: Mephitic Cloud (quite dangerous; 14% risk of failure)
Confirm with . or Enter, or press ? or * to list all spells.
Aiming: Mephitic Cloud (quite dangerous; 14% risk of failure)
Press: ? - help, Shift-Dir - straight line, f - orc
Aim: an orc, wielding a +0 hand axe (moderately wounded, chance to affect: 96%)
You miscast Mephitic Cloud.
You are very lightly contaminated with residual magic.
Nothing appears to happen.
The orc hits you with a +0 hand axe.
* * * LOW HITPOINT WARNING * * *
Unknown command.
Casting: Mephitic Cloud (quite dangerous; 14% risk of failure)
Confirm with . or Enter, or press ? or * to list all spells.
Aiming: Mephitic Cloud (quite dangerous; 14% risk of failure)
Press: ? - help, Shift-Dir - straight line, f/p - orc
Aim: an orc, wielding a +0 hand axe (moderately wounded, chance to affect: 96%)
The ball explodes into a vile cloud!
The stinking cloud engulfs the orc.
The orc is moderately wounded.
The stinking cloud engulfs you.
You hear a shout!
The orc is engulfed in noxious fumes.
The orc appears confused.
The orc hits you with a +0 hand axe.
You die...

......#. ## ........
.# ......?. .#
.......# .##
.......####..#
#########)°.....##
#.......#§§......#
#.......#o#...))..#
#...>...§@#..........
#.......#.#........##
#.......#........#.#
####+####..~~~.###.#
#.............# .
#.....<......##
..........~...#
.#.##.....~...# #
#...........


You could see an orc (confused).

Vanquished Creatures
  A bombardier beetle (D:3)
  Natasha (thrice) (D:2)
  2 orc wizards
  2 adders (D:2)
  3 gnolls (D:3)
  3 ribbon worms (D:2)
  4 dart slugs
  8 orcs
  5 ball pythons
  10 bats
  14 endoplasms
  A giant cockroach (D:3)
  3 goblins
  7 hobgoblins
  4 jackals (D:3)
  3 quokkas
  2 frilled lizards (D:1)
  6 kobolds
  7 rats
88 creatures vanquished.

Notes
Turn   | Place    | Note
-------+----------+-------------------------------------------
     0 | D:1      | pokeman the Deep Elf Hedge Wizard began the quest for the
                  | Orb.
     0 | D:1      | Reached XP level 1. HP: 10/10 MP: 7/7
   311 | D:1      | Reached XP level 2. HP: 15/15 MP: 7/9
   843 | D:1      | Reached skill level 5 in Spellcasting
   925 | D:1      | Reached XP level 3. HP: 20/20 MP: 5/11
   929 | D:1      | Learned a level 3 spell: Mephitic Cloud
   932 | D:1      | Learned a level 2 spell: Call Imp
   935 | D:1      | Learned a level 2 spell: Blink
  1460 | D:2      | Reached skill level 1 in Armour
  1488 | D:2      | Reached skill level 1 in Fighting
  1948 | D:2      | Reached XP level 4. HP: 25/25 MP: 10/13
  2174 | D:2      | Noticed Natasha
  2187 | D:2      | Killed Natasha
  2470 | D:2      | Noticed Natasha
  2480 | D:2      | Killed Natasha
  2481 | D:2      | Reached skill level 6 in Spellcasting
  2481 | D:2      | Reached XP level 5. HP: 7/29 MP: 11/15
  2686 | D:2      | Noticed Natasha
  2708 | D:2      | Killed Natasha
  2878 | D:3      | Reached skill level 1 in Evocations
  2956 | D:3      | Found a faded altar of an unknown god.
  3236 | D:3      | Found a hide-covered altar of Uskayaw.
  3391 | D:3      | Reached XP level 6. HP: 21/34 MP: 14/17
  3745 | D:3      | Found an ornate altar of the Wu Jian Council.
  3887 | D:4      | Found a staircase to the Ecumenical Temple.
  3894 | Temple   | Entered the Ecumenical Temple
  3905 | Temple   | Became a worshipper of Vehumet
  3957 | D:4      | HP: 1/34 [orc/+0 hand axe (5)]
  3958 | D:4      | Slain by an orc

Illustrated notes

Levels and vault maps discovered:
D:1:      dpeg_arrival_shelter, layout_loops_ring
D:2:      layout_basic, uniq_natasha
D:3:      layout_basic, nicolae_uskayaw_dance_hall,
          nicolae_wu_jian_wuxing_cycle,
          dreamdust_ecumenical_altar_angels_and_demons,
          minmay_misc_feat_secret_circle
D:4:      layout_cave_pools, lightli_temple_of_fire, temple_green,
          chequers_serial_rivers_micro_c, hangedman_abyss_or_decor_stabs
Temple:   hellmonk_temple_forest_ring

Skill      XL: |  1  2  3  4  5 |
---------------+----------------+-----
Spellcasting   | 5 6 |  6.9
Conjurations   | 2 3 |  3.1
Armour         | 1 |  1.0
Fighting       | 1 |  1.3
Dodging        | 3 |  3.0
Stealth        | 3 |  3.1
Evocations     | 1 |  1.1
Summonings     | |  1.1
Translocations | |  1.1
Air Magic      | |  0.7
Alchemy        | |  0.8

Action                     |  1- 3 |  4- 6 || total
---------------------------+-------+-------++-------
  Melee: Dagger            |    11 |    55 ||    66
   Cast: Magic Dart        |    96 |    80 ||   176
         Mephitic Cloud    |     2 |    11 ||    13
   Stab: Confused          |     1 |     7 ||     8
 Armour: Robe              |     7 |    44 ||    51
  Dodge: Dodged            |     7 |    59 ||    66

Table legend: (Time is in decaauts)
 A = Elapsed time spent in this place.
 B = Non-inter-level travel time spent in this place.
 C = Inter-level travel time spent in this place.
 D = Time resting spent in this place.
 E = Time spent auto-exploring this place.
 F = Levels seen in this place.
 G = Mean time per level.
                   A        B        C        D        E       F      G
               +--------+--------+--------+--------+--------+-----+--------+
         Total |   3964 |   3884 |     80 |      0 |   3354 |   5 |  792.8 |
       Dungeon |   3941 |   3881 |     60 |      0 |   3354 |   4 |  985.2 |
        Temple |     22 |      2 |     20 |      0 |      0 |   1 |   22.0 |
               +--------+--------+--------+--------+--------+-----+--------+

Top non-repeatable levels by time:
     D:2: 1692 daAuts
     D:3: 1114 daAuts
     D:1: 1081 daAuts
     D:4: 53 daAuts
  Temple: 22 daAuts
